 Dungeon Crawl Stone Soup version 0.21-a0-361-g4efd3f9 (webtiles) character file.

120 LeChuck the Grave Robber (level 4, -6/30 HPs)
             Began as a Mummy Necromancer on Oct 13, 2017.
             Mangled by an ogre
             ... wielding a +0 giant club
              (18 damage)
             ... on level 2 of the Dungeon.
             The game lasted 00:06:01 (1907 turns).

LeChuck the Grave Robber (Mummy Necromancer)        Turns: 1907, Time: 00:06:02

Health: -6/30      AC:  2    Str: 12    XL:     4   Next: 75%
Magic:  9/17       EV: 12    Int: 14    God:
Gold:   54         SH:  0    Dex: 12    Spells: 3/8 levels left

rFire    x . .     SeeInvis .   (no weapon)
rCold    + . .     Gourm    .   (no shield)
rNeg     + + +     Faith    .   a - +0 robe
rPois    ∞         Spirit   .   (no helmet)
rElec    .         Reflect  .   (no cloak)
rCorr    .         Harm     .   (no gloves)
MR       .....                  (no boots)
Stlth    ++........             (no amulet)
HPRegen  0.10/turn              e - ring of magical power (curse)
MPRegen  0.15/turn              (no ring)

@: no status effects
A: no food or potions, fire vulnerability, cold resistance 1, negative energy
resistance 3, torment resistance, unbreathing
a: no special abilities


You were on level 2 of the Dungeon.
You were not hungry.

You visited 1 branch of the dungeon, and saw 2 of its levels.

You collected 54 gold pieces.

Inventory:

Hand Weapons
 d - a +0 whip
Missiles
 c - 12 poisoned needles
Armour
 a - a +0 robe (worn)
Jewellery
 e - a cursed ring of magical power (left hand)
Scrolls
 f - a scroll of remove curse
 g - a scroll of teleportation {unknown}
Books
 b - a book of Necromancy

   Spells                             Type                      Level
   a - Pain                           Necromancy                   1
   b - Animate Skeleton               Necromancy                   1
   c - Vampiric Draining              Necromancy                   3
   d - Regeneration                   Charms/Necromancy            3
   e - Animate Dead                   Necromancy                   4
   f - Control Undead                 Necromancy                   4


   Skills:
 - Level 1.5 Dodging
 - Level 1.5 Stealth
 - Level 2.6 Spellcasting
 + Level 6.2 Necromancy


You had 3 spell levels left.
You knew the following spells:

 Your Spells              Type           Power        Failure   Level  Hunger
a - Pain                  Necr           ###.         1%          1    N/A
b - Animate Skeleton      Necr           N/A          1%          1    N/A
c - Vampiric Draining     Necr           ###.......   4%          3    N/A

Dungeon Overview and Level Annotations

Branches:
Dungeon (2/15)

Altars:
Yredelemnul


Innate Abilities, Weirdness & Mutations

You do not eat or drink.
Your flesh is vulnerable to fire.
You are immune to poison.
Your flesh is cold resistant. (rC+)
You are immune to negative energy. (rN+++)
You are immune to unholy pain and torment.
You can survive without breathing.


Message History

Unknown command.
Casting: Pain
Confirm with . or Enter, or press ? or * to list all spells.
Okay, then.
Casting: Pain
Confirm with . or Enter, or press ? or * to list all spells.
Aiming: Vampiric Draining
Press: ? - help, Shift-Dir - straight line, f/p - ogre
Aim: an ogre, wielding a giant club (heavily wounded)
Okay, then.
Unknown command.
Casting: Vampiric Draining
Confirm with . or Enter, or press ? or * to list all spells.
Aiming: Vampiric Draining
Press: ? - help, Shift-Dir - straight line, f/p - ogre
Aim: an ogre, wielding a giant club (heavily wounded)
The ogre is almost dead.
You feel life coursing into your body. The ogre hits you with a giant club!!
Ouch! That really hurt!
You die...

#.........# ...
..........# ...
###.####..# .. #
#.....##..# #####.####.#
.......#.# #..........#
.......#.# #..........#
..._.....# #..........#
.......#.# #(....?....#
.......#.# #..@O..$...#
#.....##.# #..........#
###.####.#####..........#
....!...............(?..#
###.......###############
#########


You could see an ogre.

Vanquished Creatures
  A scorpion (D:2)
  3 adders
  3 dart slugs
  2 giant cockroaches (D:1)
  4 goblins
  A hobgoblin (D:1)
  13 jackals
  5 bats
  4 kobolds (D:1)
  A rat (D:1)
37 creatures vanquished.

Vanquished Creatures (collateral kills)
  A worm (D:2)
  A frilled lizard (D:1)
2 creatures vanquished.

Grand Total: 39 creatures vanquished

Notes
Turn   | Place    | Note
-------+----------+-------------------------------------------
     0 | D:1      | LeChuck the Mummy Necromancer began the quest for the Orb.
     0 | D:1      | Reached XP level 1. HP: 13/13 MP: 4/4
   446 | D:1      | Reached XP level 2. HP: 19/19 MP: 3/5
   504 | D:1      | Learned a level 1 spell: Animate Skeleton
   915 | D:1      | Reached skill level 5 in Necromancy
   921 | D:1      | Reached XP level 3. HP: 24/24 MP: 0/7
  1473 | D:2      | Learned a level 3 spell: Vampiric Draining
  1796 | D:2      | Reached XP level 4. HP: 30/30 MP: 8/8
  1818 | D:2      | Reached skill level 6 in Necromancy
  1873 | D:2      | Found a basalt altar of Yredelemnul.
  1898 | D:2      | Noticed an ogre
  1907 | D:2      | Mangled by an ogre

Vault maps used:
D:1:      ncdulo_lavacross, minmay_pentomino_w2
D:2:      old_standard_altar, evilmike_ruin_ashenzari

Skill      XL: |  1  2  3  4 |
---------------+-------------+-----
Necromancy     | 5 6 |  6.2
Dodging        | |  1.5
Stealth        | |  1.5
Spellcasting   | |  2.6

Action                   |  1- 3 |  4- 6 || total
-------------------------+-------+-------++-------
Melee: Unarmed           |     4 |       ||     4
 Cast: Pain              |    66 |    15 ||    81
       Animate Skeleton  |     9 |     1 ||    10
       Vampiric Draining |       |     1 ||     1
  Use: Scroll            |     2 |       ||     2
Armor: Robe              |     6 |       ||     6
Dodge: Dodged            |    39 |     1 ||    40

Table legend:
 A = Spawn XP
 B = Non-spawn XP
 C = Spawn XP percentage of total XP
 D = Spawn monster count
 E = Non-spawn monster count
 F = Spawn count percentage of total count
 G = Total turns spent on level
                    A         B        C        D         E        F      G
               +---------+---------+-------+---------+---------+-------+---------
         Total |       0 |     172 |   0.0 |       0 |      39 |   0.0 |  1907
               +---------+---------+-------+---------+---------+-------+---------
           D:1 |       0 |      61 |   0.0 |       0 |      28 |   0.0 |  1557
           D:2 |       0 |     111 |   0.0 |       0 |      11 |   0.0 |   350
               +---------+---------+-------+---------+---------+-------+---------
